 Dungeon Crawl Stone Soup version 0.30-a0-341-g682706514a (webtiles) character file.

Game seed: 4537217861071160254

366882 gruber the Ruinous (level 21, -11/120 HPs)
             Began as a Deep Elf Conjurer on Nov 2, 2022.
             Was the Champion of Vehumet.
             Hit by a large rock thrown by a stone giant (52 damage)
             ... on level 2 of the Depths on Nov 4, 2022.
             The game lasted 01:47:41 (53740 turns).

gruber the Ruinous (Deep Elf Conjurer)             Turns: 53740, Time: 01:47:42

Health: -11/120    AC: 11    Str:  4    XL:     21   Next: 61%
Magic:  31/47      EV: 17    Int: 47    God:    Vehumet [******]
Gold:   2647       SH:  8    Dex: 11    Spells: 12/60 levels left

rFire   + . .      SeeInvis +    O - +0 staff of Battle
rCold   + + +      Faith    .    E - +3 warlock's mirror {reflect}
rNeg    + . .      Spirit   .    k - +1 leather armour of Death's Door {rCorr Int+4}
rPois   .          Reflect  +    s - +0 hat of Summertime {rC+ rN+ Stlth+}
rElec   .          Harm     .    M - +1 cloak {Will+}
rCorr   +          Rampage  .    a - +2 pair of gloves {infuse}
Will    +++..                    t - +0 pair of boots
Stlth   ++++++....               Z - amulet "Kaygax" {Acrobat rC+++}
HPRegen 0.40/turn                w - ring "Dih Olo" {rF+ Int+8 Dex-2}
MPRegen 0.30/turn                F - ring of Cadiothiyb {Fly SInv}

@: flying
A: no striking features
}: 2/15 runes: serpentine, barnacled
a: Renounce Religion


You were on level 2 of the Depths.
You worshipped Vehumet.
Vehumet was exalted by your worship.
You visited 8 branches of the dungeon, and saw 37 of its levels.
You also visited: Volcano and Desolation.

You collected 4201 gold pieces.
You spent 1554 gold pieces at shops.

Inventory:

Hand Weapons
 h - the +7 falchion of the Land of Plenty {vorpal, rF++}
   (You took it off a servant of whispers in the Desolation of Salt)

   It inflicts extra damage upon your enemies.
   rF:        It greatly protects you from fire.
 O - the +0 staff of Battle (weapon)
   (You found it on level 9 of the Dungeon)

   It enhances your conjuration magic.
   It summons a battlesphere in combat, with strength depending on Conjurations
   skill.
   Its strikes trigger the battlesphere's blasts.
 W - the +5 trident of the Final Demons {vorpal, rC- MP+9 Str+3 Int+8 Dex-5}
   (You found it in the Desolation of Salt)

   It inflicts extra damage upon your enemies.
   Str:       It affects your strength (+3).
   Int:       It affects your intelligence (+8).
   Dex:       It affects your dexterity (-5).
   rC:        It makes you vulnerable to cold.
   MP:        It affects your magic capacity (+9).
Missiles
 u - 9 throwing nets
Armour
 a - a +2 pair of gloves of infusion (worn)
 k - the +1 leather armour of Death's Door (worn) {rCorr Int+4}
   (You bought it in a shop on level 2 of the Orcish Mines)

   Int:       It affects your intelligence (+4).
   rCorr:     It protects you from acid and corrosion.
 s - the +0 hat of Summertime (worn) {rC+ rN+ Stlth+}
   (You found it on level 3 of the Dungeon)

   rC:        It protects you from cold.
   rN:        It protects you from negative energy.
   Stlth:     It makes you more stealthy.
 t - a +0 pair of boots (worn)
 E - the +3 warlock's mirror (worn) {reflect}
   (You bought it in a shop on level 2 of the Orcish Mines)

   It can block and reflect piercing ranged attacks and magical attacks against
   the wielder's willpower.
 M - a +1 cloak of willpower (worn)
Jewellery
 e - the ring "Haemnu" {Will+ Int+4}
   (You took it off a servant of whispers in the Desolation of Salt)

   [ring of willpower]

   Int:       It affects your intelligence (+4).
   Will:      It increases your willpower.
 w - the ring "Dih Olo" (left hand) {rF+ Int+8 Dex-2}
   (You bought it in a shop on level 4 of the Snake Pit)

   [ring of protection from fire]

   Int:       It affects your intelligence (+8).
   Dex:       It affects your dexterity (-2).
   rF:        It protects you from fire.
 F - the ring of Cadiothiyb (right hand) {Fly SInv}
   (You acquired it on level 1 of the Depths)

   [ring of flight]

   SInv:      It lets you see invisible.
   Fly:       It grants you flight.
 N - the amulet "Jiufruju" {Acrobat Rampage rC- rN+++ Slay-5}
   (You found it in the Desolation of Salt)

   [amulet of the acrobat]

   It increases your evasion while moving and waiting.
   Slay:      It affects your accuracy & damage with ranged weapons and melee
   (-5).
   rC:        It makes you vulnerable to cold.
   rN:        It renders you almost immune to negative energy.
   Rampage:   It bestows one free step when moving towards enemies.
 S - the amulet of Demons {Acrobat Fragile rN+ Will++ Stlth+}
   (You found it in the Desolation of Salt)

   [amulet of the acrobat]

   It increases your evasion while moving and waiting.
   rN:        It protects you from negative energy.
   Fragile:   It will be destroyed if unequipped.
   Will:      It greatly increases your willpower.
   Stlth:     It makes you more stealthy.
 U - a ring of poison resistance
 X - a ring of protection from cold
 Z - the amulet "Kaygax" (around neck) {Acrobat rC+++}
   (You found it in the Desolation of Salt)

   [amulet of the acrobat]

   It increases your evasion while moving and waiting.
   rC:        It renders you almost immune to cold.
Wands
 v - a wand of mindburst (15)
 y - a wand of charming (39)
 I - a wand of flame (77)
 L - a wand of polymorph (34)
 T - a wand of light (2)
 V - a wand of roots (16)
Scrolls
 c - 5 scrolls of fear
 f - 12 scrolls of teleportation
 m - 6 scrolls of butterflies
 o - 2 scrolls of magic mapping
 r - 7 scrolls of blinking
 A - 3 scrolls of silence
 P - 6 scrolls of poison
Potions
 b - 4 potions of magic
 d - 5 potions of flight
 g - 4 potions of resistance
 j - 2 potions of invisibility
 l - 2 potions of berserk rage
 n - 5 potions of ambrosia
 p - 6 potions of might
 q - 8 potions of haste
 z - 3 potions of brilliance
 B - 10 potions of heal wounds
 C - 11 potions of curing
 H - 9 potions of attraction
 R - 6 potions of cancellation
 Y - a potion of lignification
Miscellaneous
 i - a condenser vane
 x - a lightning rod (4/4)


   Skills:
 - Level 9.1 Fighting
 - Level 6.4 Armour
 - Level 20.0 Dodging
 - Level 12.0 Stealth
 - Level 6.3 Shields
 - Level 20.0 Spellcasting
 * Level 21.6 Conjurations
 - Level 17.0 Fire Magic
 - Level 16.2 Earth Magic


You had 12 spell levels left.
You knew the following spells:

 Your Spells              Type           Power      Damage    Failure   Level
a - Magic Dart            Conj           100%       1d8       0%          1
b - Searing Ray           Conj           100%       2d8       0%          2
c - Iskenderun's Mystic   Conj/Tloc      100%       2d19      1%          4
d - Stone Arrow           Conj/Erth      100%       3d13      0%          3
e - Blink                 Tloc           94%        N/A       1%          2
f - Freezing Cloud        Conj/Ice/Air   53%        6-21      1%          5
g - Lehudib's Crystal Sp  Conj/Erth      73%        10d17     1%          8
h - Orb of Destruction    Conj           77%        9d17      1%          7
i - Spellforged Servitor  Conj/Summ      61%        N/A       2%          7
j - Fire Storm            Conj/Fire      74%        8d19      9%          9

Your spell library contained the following spells:

 Spells                   Type           Power      Damage    Failure   Level
 Shatter                  Erth           57%        3d43*     28%         9
 Chain Lightning          Conj/Air       61%        3d81      90%         9
 Kiss of Death            Conj/Necr      100%       2d13      0%          1
 Sandblast                Erth           100%       2d20      0%          1
 Momentum Strike          Conj/Tloc      100%       3d10      0%          2
 Flame Wave               Conj/Fire      100%       2d21      0%          4
 Sticky Flame             Conj/Fire      100%       2d11      0%          4
 Iskenderun's Battlesphe  Conj           100%       2d15      0%          5
 Apportation              Tloc           94%        N/A       1%          1
 Beastly Appendage        Tmut           94%        N/A       1%          1
 Freeze                   Ice            100%       1d10      1%          1
 Necrotise                Necr           100%       1d9       1%          1
 Slow                     Hex            100%       N/A       1%          1
 Call Imp                 Summ           47%        N/A       1%          2
 Cigotuvi's Dreadful Rot  Necr/Pois/Air  94%        N/A       1%          2
 Ensorcelled Hibernation  Hex/Ice        94%        N/A       1%          2
 Wereblood                Tmut           47%        N/A       1%          2
 Dazzling Flash           Conj/Hex       100%       N/A       1%          3
 Frozen Ramparts          Ice            94%        1d15      1%          3
 Hailstorm                Conj/Ice       100%       3d20      1%          3
 Ignite Poison            Fire/Tmut/Pois 79%        N/A       1%          3
 Inner Flame              Hex/Fire       91%        N/A       1%          3
 Kindle Blastsparks       Fire/Tloc/Air  100%       2d18      1%          3
 Mephitic Cloud           Conj/Pois/Air  100%       N/A       1%          3
 Animate Armour           Summ/Erth      100%       N/A       1%          4
 Fulminant Prism          Conj/Hex       61%        3d26      1%          4
 Lee's Rapid Deconstruct  Erth           57%        3d27*     1%          5
 Iron Shot                Conj/Erth      73%        9d13      1%          6
 Starburst                Conj/Fire      74%        6d19      1%          6
 Ignition                 Fire           59%        3d16      1%          8
 Confusing Touch          Hex            47%        N/A       2%          3
 Lesser Beckoning         Tloc           94%        N/A       2%          3
 Portal Projectile        Hex/Tloc       94%        N/A       2%          3
 Spider Form              Tmut/Pois      47%        N/A       2%          3
 Tukima's Dance           Hex            47%        N/A       2%          3
 Vampiric Draining        Necr           47%        2d9       2%          3
 Statue Form              Tmut/Erth      59%        N/A       4%          6
 Anguish                  Hex/Necr       23%        N/A       9%          4
 Cause Fear               Hex            23%        N/A       9%          4
 Dispel Undead            Necr           47%        3d18      9%          4
 Agony                    Necr           47%        N/A       22%         5
 Alistair's Intoxication  Tmut/Pois      31%        N/A       22%         5
 Blade Hands              Tmut           23%        N/A       22%         5
 Summon Forest            Summ/Tloc      23%        N/A       22%         5
 Eringya's Noxious Bog    Tmut/Pois      23%        N/A       30%         6
 Death Channel            Necr           23%        N/A       77%         6
 Haunt                    Necr/Summ      23%        N/A       100%        7
 Summon Hydra             Summ           23%        N/A       100%        7
 Discord                  Hex            23%        N/A       100%        8
 Dragon's Call            Summ           23%        N/A       100%        9
 Polar Vortex             Ice            23%        N/A       100%        9


Dungeon Overview and Level Annotations

Branches:
Dungeon (15/15)            Temple (1/1) D:5            Lair (5/5) D:11
 Shoals (4/4) Lair:3        Snake (4/4) Lair:3        Slime (0/5) Lair:5
    Orc (2/2) D:12            Elf (0/3) Orc:2        Vaults (4/5) D:13
  Crypt (0/3) Vaults:2     Depths (2/4) D:15        Volcano (visited)
Desolation (visited)

Altars:
Ashenzari
Cheibriados
Dithmenos
Elyvilon
Fedhas
Gozag
Hepliaklqana
Kikubaaqudgha
Makhleb
Nemelex Xobeh
Okawaru
Qazlal
Ru
Sif Muna
Trog
Uskayaw
Vehumet
Wu Jian
Xom
Yredelemnul
Zin
The Shining One

Shops:
D:8 (   Orc:2 [*(=*   Shoals:1 (   Shoals:3 (   Snake:1 :   Snake:2 =(*
Snake:3 (   Snake:4 :==

Portals:
Hell: Depths:1
Pandemonium: Orc:2

Annotations:
D:11 4 transporters
Vaults:1 3 runed translucent doors, Dyrphilu's ghost, adept GnMo
Vaults:4 2 transporters, exclusion: obsidian statue
Depths:1 3 runed translucent doors
Depths:2 2 transporters, Saint Roka


Message History

Your battlesphere fires!
The barrage of energy hits the orc warrior.
The orc warrior is heavily wounded.
The spriggan air mage is engulfed in freezing vapours.
The spriggan air mage gestures at you while chanting.
The bolt of lightning hits you!!
The orc warrior is engulfed in freezing vapours.
The orc warrior misses you.
The orc warrior is engulfed in freezing vapours.
The stone giant is engulfed in freezing vapours.
You hear an angry buzzing noise.
Unknown command.
Casting: Freezing Cloud (mildly dangerous; 1% risk of failure)
Confirm with . or Enter, or press ? or * to list all spells.
You feel a surge of power!
You erupt in a blast of force!
The mystic blast hits the stone giant!!
The stone giant is heavily wounded.
The stone giant is knocked back by the mystic blast.
The mystic blast hits the orc warrior!
You kill the orc warrior!
Vehumet accepts your kill.
You feel your power returning.
The spriggan air mage is engulfed in freezing vapours.
The orc warrior is engulfed in freezing vapours.
Unknown command.
Unknown command.
Unknown command.
Casting: Iskenderun's Mystic Blast (safe; 1% risk of failure)
Confirm with . or Enter, or press ? or * to list all spells.
You feel a surge of power!
You erupt in a blast of force!
The mystic blast hits the stone giant!
The stone giant is severely wounded.
The stone giant is knocked back by the mystic blast.
Your battlesphere fires!
The barrage of energy hits the stone giant but does no damage.
The stone giant is severely wounded.
The spriggan air mage is engulfed in freezing vapours. x2
The stone giant is engulfed in freezing vapours.
The stone giant throws a large rock.
The large rock hits you!!!
You die...

.............#..............
.....#............#...#.....
.....#.....#........#.....#
..^§.§..§.......#.......###
###§§§§..#............###
#.§§§§§§......#.......'.##
#§oCi§#.............#.)#
##'#..*....#.....#+##...
C).##..@........##....))
=)))# ####'###'######...>#
##o.# #.......# ##.?## ###
#(......# #### ##.(∩..##
#######


You could see a stone giant (ally target), a spriggan air mage (repels
missiles), an orc warrior (strong) and a friendly battlesphere.

Vanquished Creatures
  A dread lich (Vaults:4)
  Mara (Snake:4)
  Bai Suzhen (Shoals:3)
  A walking crystal tome (Depths:2)
  Rupert (Lair:4)
  A lich (Vaults:3)
  Kirke (Lair:3)
  Gastronok (Lair:3)
  A kraken (Shoals:2)
  Agnes (D:15)
  5 sphinxes
  5 tengu reavers
  Roxanne (Snake:4)
  6 nagarajas (Snake:4)
  A fire giant (Vaults:4)
  Ilsuiw (Shoals:2)
  2 imperial myrmidons (Desolation)
  14 vault wardens
  Louise (Shoals:3)
  Aizul (Snake:2)
  2 orc warlords
  A curse skull (Vaults:2)
  2 war gargoyles
  A vampire knight (Vaults:2)
  8 ironbound thunderhulks
  15 ironbound preservers
  3 stone giants
  9 very ugly things
  Nessos (D:15)
  3 elemental wellsprings (Shoals:1)
  A halazid warlock (Desolation)
  A spark wasp (Depths:2)
  7 dire elephants
  12 merfolk impalers
  Snorg (Lair:3)
  A deep elf high priest (Vaults:4)
  An ettin (Vaults:4)
  4 crystal guardians
  13 merfolk javelineers
  2 entropy weavers
  Josephine (D:14)
  8 ragged hierophants (Desolation)
  10 vault guards
  7 yaktaur captains
  2 fire dragons (Depths:2)
  2 ice dragons
  7 servants of whispers (Desolation)
  A quicksilver dragon skeleton (D:15)
  2 demonspawn (Orc:2)
  8 great orbs of eyes
  Erolcha (Orc:1)
  5 hydras
  3 salamander tyrants
  A rakshasa (Depths:2)
  A catoblepas (Lair:2)
  7 ironbound frosthearts
  5 merfolk aquamancers
  5 merfolk avatars
  2 boulder beetles
  3 alligator snapping turtles
  8 peacekeepers
  10 anacondas
  5 centaur warriors
  2 deep troll shamans (Depths:1)
  2 dancing weapons (D:13)
  6 naga warriors (Snake:4)
  2 satyrs
  12 death yaks
  6 two-headed ogres
  2 spriggan berserkers
  13 naga sharpshooters
  2 tengu warriors
  3 hell knights (Depths:1)
  7 shock serpents
  3 sun demons (Depths:1)
  4 orc high priests (Orc:2)
  Sonja (Orc:1)
  2 spriggans (Depths:1)
  2 skeletal warriors (D:15)
  3 salamander mystics (Snake:4)
  A fire crab (Lair:5)
  An iron troll (Depths:1)
  A flayed ghost (D:15)
  37 deep trolls
  21 sea snakes
  7 naga ritualists
  3 glowing orange brains
  8 lindwurms
  A phantasmal warrior (Vaults:2)
  26 ironbound convokers
  8 orc knights
  5 harpies
  13 wizards
  2 deep elf pyromancers (D:15)
  12 mana vipers
  5 necromancers
  A sphinx zombie (Vaults:1)
  15 manticores
  An iron dragon skeleton (D:15)
  10 cyclopes
  An oklob plant (Snake:1)
  13 orc sorcerers
  11 salamanders
  30 ugly things
  36 black mambas
  An ice statue (D:15)
  Maurice (D:8)
  7 guardian serpents
  A rust devil (Orc:2)
  6 merfolk sirens
  13 vault sentinels
  20 elephants
  5 water nymphs
  A fire giant skeleton (D:15)
  A toenail golem (Volcano)
  15 naga magi
  A stone giant skeleton (D:15)
  25 cane toads
  A gargoyle (D:14)
  5 molten gargoyles
  Psyche (D:10)
  2 torpor snails (Lair:5)
  26 yaktaurs
  6 rime drakes
  2 efreet (Volcano)
  An ice devil (D:15)
  A kobold demonologist (D:9)
  10 komodo dragons
  7 tengu conjurers
  14 trolls
  27 merfolk
  11 wind drakes
  6 polar bears
  28 blink frogs
  Prince Ribbit (D:8)
  6 meliai
  27 slime creatures
  4 hornets
  3 tyrant leeches (Lair:5)
  7 dream sheep
  50 saltlings (Desolation)
  11 snapping turtles
  A centaur simulacrum (D:14)
  A spriggan (shapeshifter) (D:11)
  3 shadows
  24 water elementals
  10 wraiths
  3 vampires
  A yak (shapeshifter) (D:13)
  8 wyverns
  A ynoxinul (Orc:2)
  Eustachio (D:5)
  4 fire bats (Depths:1)
  3 fire elementals (Volcano)
  4 hogs (Lair:3)
  An elf simulacrum (Vaults:1)
  32 yaks
  A human (D:12)
  2 human simulacra (Vaults:1)
  A steam dragon (Lair:4)
  A redback (shapeshifter) (Depths:2)
  2 chaos spawn (Orc:2)
  15 vampire mosquitoes
  5 basilisks
  2 acid dragons
  7 wargs
  43 nagas
  Duvessa (D:4)
  27 water moccasins
  A floating eye (Depths:1)
  A hornet zombie (Vaults:1)
  10 ice beasts
  2 sky beasts (D:8)
  3 black bears
  36 orc warriors
  10 ogres
  11 centaurs
  13 wolves
  A phantom (D:6)
  4 kobold brigands
  20 bullfrogs
  3 earth elementals (Volcano)
  2 necrophages
  2 gnoll sergeants
  A scorpion (Lair:5)
  A human skeleton (Vaults:1)
  A jelly (D:5)
  Dowan (D:4)
  7 killer bees
  4 howler monkeys
  5 electric eels (Lair:5)
  A crimson imp (D:10)
  2 hounds
  32 orc priests
  4 gnoll boudas
  An iron imp (D:8)
  2 iguanas
  Natasha (D:4)
  24 orc wizards
  24 gnolls
  6 adders
  2 shadow imps
  4 white imps
  An ufetubus (D:7)
  2 worms (D:2)
  A dart slug (D:5)
  72 orcs
  9 endoplasms
  5 giant cockroaches
  2 goblins
  7 hobgoblins
  3 jackals (D:2)
  16 kobolds
  6 quokkas
  3 training dummies (Orc:2)
  8 ball pythons
  4 bats
  4 frilled lizards
  7 rats
  4 fire vortices (Volcano)
  2 tentacles (Shoals:2)
1536 creatures vanquished.

Vanquished Creatures (collateral kills)
  A fire giant (Depths:1)
  A halazid warlock (Desolation)
  2 ragged hierophants (Desolation)
  A spriggan (Depths:1)
  A deep troll (Depths:1)
  A necromancer (Vaults:2)
  4 ugly things (Depths:1)
  A nameless horror (Depths:1)
  A hornet (Depths:1)
  7 saltlings (Desolation)
20 creatures vanquished.

Vanquished Creatures (others)
  A black mamba (Snake:4)
  A fire vortex (Volcano)
  23 fungi
  138 plants
  2 tentacles (Shoals:2)
  A withered plant (D:15)
166 creatures vanquished.

Grand Total: 1722 creatures vanquished

Notes
Turn   | Place    | Note
-------+----------+-------------------------------------------
     0 | D:1      | gruber the Deep Elf Conjurer began the quest for the Orb.
     0 | D:1      | Reached XP level 1. HP: 10/10 MP: 6/6
   401 | D:1      | Reached XP level 2. HP: 15/15 MP: 6/8
   433 | D:1      | Reached skill level 5 in Conjurations
  1109 | D:2      | Reached XP level 3. HP: 19/19 MP: 6/9
  1319 | D:2      | Found a faded altar of an unknown god.
  1626 | D:2      | Learned a level 2 spell: Searing Ray
  1908 | D:2      | Reached skill level 6 in Conjurations
  1908 | D:2      | Reached XP level 4. HP: 24/24 MP: 4/11
  2177 | D:3      | Learned a level 4 spell: Iskenderun's Mystic Blast
  2442 | D:3      | Identified the +0 hat of Summertime {rC+ rN+ Stlth+}
  3081 | D:4      | Noticed a necrophage
  3087 | D:4      | Killed a necrophage
  3088 | D:4      | Reached XP level 5. HP: 28/28 MP: 4/13
  3092 | D:4      | Learned a level 3 spell: Stone Arrow
  3353 | D:4      | Noticed Duvessa
  3353 | D:4      | Noticed Dowan
  3377 | D:4      | Noticed Natasha
  3381 | D:4      | Killed Natasha
  3382 | D:4      | Reached skill level 7 in Conjurations
  3640 | D:4      | Killed Duvessa
  3641 | D:4      | Reached XP level 6. HP: 26/32 MP: 5/14
  3650 | D:4      | Killed Dowan
  3651 | D:4      | Reached skill level 8 in Conjurations
  4078 | D:5      | Entered Level 5 of the Dungeon
  4328 | D:5      | Reached skill level 9 in Conjurations
  4431 | D:5      | Reached XP level 7. HP: 36/36 MP: 10/15
  4687 | D:5      | Reached skill level 1 in Earth Magic
  4941 | D:5      | Noticed Eustachio
  4948 | D:5      | Killed Eustachio
  5173 | D:5      | Found a staircase to the Ecumenical Temple.
  5325 | D:5      | Reached skill level 5 in Earth Magic
  5622 | D:6      | Reached XP level 8. HP: 41/41 MP: 8/16
  5714 | D:6      | Found a shimmering blue altar of Sif Muna.
  6132 | D:6      | Found a hide-covered altar of Uskayaw.
  6326 | D:6      | Reached skill level 5 in Spellcasting
  6472 | D:6      | Found a sparkling altar of Nemelex Xobeh.
  6764 | Temple   | Entered the Ecumenical Temple
  7118 | D:6      | Found a hazy altar of Hepliaklqana.
  7509 | D:7      | Reached XP level 9. HP: 35/45 MP: 15/23
  7726 | D:7      | Reached skill level 10 in Conjurations
  8126 | D:7      | Reached skill level 11 in Conjurations
  8546 | D:7      | Found an opulent altar of Gozag.
  9125 | D:8      | Noticed Prince Ribbit
  9133 | D:8      | Killed Prince Ribbit
  9134 | D:8      | Reached skill level 12 in Conjurations
  9645 | D:8      | Found Xogote's Weapon Emporium.
  9747 | D:8      | Noticed Maurice
  9751 | D:8      | Killed Maurice
  9752 | D:8      | Reached skill level 13 in Conjurations
  9752 | D:8      | Reached XP level 10. HP: 42/50 MP: 7/24
  9887 | D:8      | Found an ornate altar of the Wu Jian Council.
 10058 | D:8      | Found a snail-covered altar of Cheibriados.
 10303 | D:9      | Reached skill level 14 in Conjurations
 10576 | D:8      | Reached skill level 5 in Dodging
 10842 | D:9      | Noticed an orange demon
 11367 | D:9      | Reached XP level 11. HP: 54/54 MP: 10/25
 11523 | D:9      | Reached skill level 10 in Dodging
 11660 | D:9      | Identified the +2 robe of Autumn {Stlth+}
 11854 | D:9      | Found the +0 staff of Battle
 11997 | D:9      | Found a bloodstained altar of Trog.
 12073 | D:10     | Entered Level 10 of the Dungeon
 12261 | D:10     | Noticed Psyche
 12278 | D:10     | Killed Psyche
 12569 | D:10     | Reached skill level 10 in Spellcasting
 12959 | D:10     | Found a burning altar of Makhleb.
 12995 | D:10     | Found a radiant altar of Vehumet.
 13001 | D:10     | Became a worshipper of Vehumet
 13325 | D:11     | Noticed a boulder beetle
 13332 | D:11     | Killed a boulder beetle
 13333 | D:11     | Reached skill level 15 in Conjurations
 13523 | D:11     | Found a transporter.
 13524 | D:11     | Found a transporter.
 13527 | D:11     | Found a transporter.
 13527 | D:11     | Found a transporter.
 13579 | D:11     | Noticed a two-headed ogre
 13581 | D:11     | Killed a two-headed ogre
 13581 | D:11     | Reached * piety under Vehumet
 13581 | D:11     | Offered knowledge of Kiss of Death by Vehumet.
 13647 | D:11     | Reached XP level 12. HP: 59/59 MP: 25/30
 13800 | D:11     | Noticed a two-headed ogre
 13804 | D:11     | Killed a two-headed ogre
 13805 | D:11     | Reached skill level 16 in Conjurations
 13873 | D:11     | Found a staircase to the Lair.
 13874 | D:11     | Noticed a two-headed ogre
 13892 | D:11     | Killed a two-headed ogre
 14954 | D:12     | Reached skill level 17 in Conjurations
 14969 | D:12     | Offered knowledge of Sandblast by Vehumet.
 14974 | D:12     | Reached ** piety under Vehumet
 15108 | D:12     | Found a staircase to the Orcish Mines.
 15642 | D:12     | Learned a level 2 spell: Blink
 15828 | D:13     | Reached skill level 18 in Conjurations
 15978 | D:13     | Noticed a two-headed ogre
 15984 | D:13     | Killed a two-headed ogre
 16073 | D:13     | Noticed a boulder beetle
 16082 | D:13     | Killed a boulder beetle
 16519 | D:13     | Found a gate to the Vaults.
 16539 | D:13     | Reached skill level 19 in Conjurations
 16539 | D:13     | Reached XP level 13. HP: 63/63 MP: 16/31
 17159 | Lair:1   | Entered Level 1 of the Lair of Beasts
 17168 | Lair:1   | Offered knowledge of Poisonous Vapours by Vehumet.
 17208 | Lair:1   | Identified the +8 whip "Ogreslayer" {vorpal, rN+ Will+}
 17514 | Lair:1   | Reached skill level 1 in Fighting
 17694 | Lair:1   | Reached *** piety under Vehumet
 18349 | Lair:2   | Offered knowledge of Hailstorm by Vehumet.
 18448 | Lair:2   | Reached skill level 5 in Fighting
 19061 | Lair:3   | Noticed Snorg
 19061 | Lair:3   | Noticed Kirke
 19086 | Lair:3   | Found a staircase to the Snake Pit.
 19105 | Lair:3   | Reached **** piety under Vehumet
 19107 | Lair:3   | Noticed Gastronok
 19192 | Lair:3   | Offered knowledge of Lee's Rapid Deconstruction by Vehumet.
 19329 | Lair:3   | Killed Snorg
 19466 | Lair:3   | Killed Kirke
 19500 | Lair:3   | Killed Gastronok
 19549 | Lair:3   | Found a staircase to the Shoals.
 19777 | Lair:3   | Reached XP level 14. HP: 82/82 MP: 32/34
 19801 | Lair:3   | Reached skill level 15 in Spellcasting
 20447 | Lair:4   | Reached ***** piety under Vehumet
 20447 | Lair:4   | Offered knowledge of Freezing Cloud by Vehumet.
 20454 | Lair:4   | Learned a level 5 spell: Freezing Cloud
 21258 | Lair:4   | Noticed Rupert
 21275 | Lair:4   | Killed Rupert
 21550 | Lair:5   | Entered Level 5 of the Lair of Beasts
 21885 | Lair:5   | Reached XP level 15. HP: 56/86 MP: 11/38
 22151 | Lair:5   | Identified the +0 plate armour of the Arena {Fly MP+9
                  | Str+2}
 22280 | Lair:5   | Found a staircase to the Slime Pits.
 22744 | Lair:5   | Offered knowledge of Arcjolt by Vehumet.
 22943 | Lair:5   | Learned a level 8 spell: Lehudib's Crystal Spear
 23126 | Orc:1    | Entered Level 1 of the Orcish Mines
 23129 | Orc:1    | Noticed Erolcha
 23135 | Orc:1    | Killed Erolcha
 23480 | Orc:1    | Noticed Sonja
 23484 | Orc:1    | Killed Sonja
 23572 | Orc:1    | Found a dark tunnel.
 23582 | Volcano  | Entered a volcano
 23644 | Volcano  | Offered knowledge of Orb of Destruction by Vehumet.
 23653 | Volcano  | Learned a level 7 spell: Orb of Destruction
 23766 | Volcano  | Reached skill level 10 in Earth Magic
 24131 | Volcano  | Reached skill level 1 in Armour
 24596 | Orc:2    | Entered Level 2 of the Orcish Mines
 24662 | Orc:2    | Found a staircase to the Elven Halls.
 24672 | Orc:2    | Found Loguiz's Firing Range.
 25070 | Orc:2    | Found Ledaj's General Store.
 25073 | Orc:2    | Found Ixzisaz's General Store.
 25091 | Orc:2    | Offered knowledge of Spellforged Servitor by Vehumet.
 25134 | Orc:2    | Learned a level 7 spell: Spellforged Servitor
 25165 | Orc:2    | Bought the +3 warlock's mirror {reflect} for 600 gold
                  | pieces
 25165 | Orc:2    | Found the +3 warlock's mirror {reflect}
 25690 | Orc:2    | Reached skill level 5 in Armour
 26024 | Orc:2    | Found Hych's Jewellery Shoppe.
 26024 | Orc:2    | Found Tuoklud's Antique Armour Emporium.
 26025 | Orc:2    | Found a one-way gate leading to the halls of Pandemonium.
 26068 | Orc:2    | Bought an agate-studded leather armour for 196 gold pieces
 26068 | Orc:2    | Identified the +1 leather armour of Death's Door {rCorr
                  | Int+4} (You bought it in a shop on level 2 of the Orcish
                  | Mines)
 26246 | D:14     | Reached skill level 1 in Shields
 26417 | D:14     | Found a sacrificial altar of Ru.
 26425 | D:14     | Noticed Josephine
 26429 | D:14     | Killed Josephine
 26614 | D:14     | Reached XP level 16. HP: 92/92 MP: 24/40
 27057 | D:15     | Entered Level 15 of the Dungeon
 27199 | D:15     | Noticed Agnes
 27204 | D:15     | Killed Agnes
 27290 | D:15     | Reached skill level 5 in Shields
 27554 | D:15     | Found a staircase to the Depths.
 27850 | D:15     | Noticed Nessos
 27851 | D:15     | Killed Nessos
 28270 | D:15     | Offered knowledge of Iron Shot by Vehumet.
 28451 | Snake:1  | Entered Level 1 of the Snake Pit
 28451 | Snake:1  | Found a sparkling altar of Nemelex Xobeh.
 28672 | Snake:1  | Found Zilaxonoco's Book Emporium.
 28748 | Snake:1  | Identified the +7 dagger of the Continents {antimagic,
                  | Stlth+}
 29080 | Snake:1  | Reached ****** piety under Vehumet
 29384 | Snake:2  | Noticed Aizul
 29389 | Snake:2  | Killed Aizul
 29822 | Snake:2  | Found Veloeh's General Store.
 30279 | Snake:2  | Found a glowing golden altar of the Shining One.
 30471 | Snake:2  | Found Duca's Jewellery Emporium.
 30805 | Snake:2  | Found Reenoib's Antique Weapon Emporium.
 31226 | Snake:3  | Offered knowledge of Yara's Violent Unravelling by Vehumet.
 31728 | Snake:3  | Found Vaurehis's Weapon Shop.
 32216 | Snake:4  | Entered Level 4 of the Snake Pit
 32449 | Snake:4  | Reached XP level 17. HP: 96/96 MP: 31/41
 32458 | Snake:4  | Reached skill level 15 in Earth Magic
 33306 | Snake:4  | Got a serpentine rune of Zot
 33474 | Snake:4  | Noticed Mara
 33478 | Snake:4  | Killed Mara
 33478 | Snake:4  | Offered knowledge of Maxwell's Capacitive Coupling by
                  | Vehumet.
 34464 | Snake:4  | Found Xuylycw's Book Shop.
 34464 | Snake:4  | Found Fiydaam's Jewellery Emporium.
 34466 | Snake:4  | Found Fiesiuho's Jewellery Emporium.
 34506 | Snake:4  | Bought the ring "Dih Olo" {rF+ Int+8 Dex-2} for 758 gold
                  | pieces
 34579 | Snake:4  | Identified Roxanne's Commentary on the Caves
 34579 | Snake:4  | Noticed Roxanne
 34609 | Snake:4  | Killed Roxanne
 34610 | Snake:4  | Reached skill level 15 in Dodging
 35136 | Shoals:1 | Entered Level 1 of the Shoals
 35940 | Shoals:1 | Found Ehou's Weapon Shoppe.
 36465 | Shoals:2 | Reached XP level 18. HP: 101/101 MP: 44/44
 36584 | Shoals:2 | Noticed Ilsuiw
 36602 | Shoals:2 | Killed Ilsuiw
 37649 | Shoals:3 | Noticed Bai Suzhen
 37654 | Shoals:3 | Killed Bai Suzhen
 38152 | Shoals:3 | Noticed Louise
 38156 | Shoals:3 | Killed Louise
 38351 | Shoals:3 | Found Horoudac's Weapon Boutique.
 38728 | Depths:1 | Entered Level 1 of the Depths
 38769 | Depths:1 | Offered knowledge of Fire Storm by Vehumet.
 38769 | Depths:1 | Offered knowledge of Shatter by Vehumet.
 38769 | Depths:1 | Offered knowledge of Chain Lightning by Vehumet.
 38877 | Depths:1 | HP: 5/101 [spriggan rider/+0 spear[a glowing orange brain]
                  | (20)]
 39146 | Depths:1 | Found a runed translucent gate.
 39146 | Depths:1 | Found a runed translucent gate.
 39146 | Depths:1 | Found a runed translucent gate.
 39657 | Depths:1 | Identified a scroll of acquirement
 39658 | Depths:1 | Acquired the ring of Cadiothiyb {Fly SInv}
 39772 | Depths:1 | Reached skill level 5 in Stealth
 39997 | Depths:1 | Found a gateway to Hell.
 40699 | Shoals:4 | Entered Level 4 of the Shoals
 40746 | Shoals:4 | Learned a level 9 spell: Fire Storm
 40969 | Shoals:4 | Identified the +6 longbow of Xiahuac {vorpal, rC+}
 41681 | Shoals:4 | Identified the +8 trident "Fachib" {vorpal, *Corrode *Slow
                  | Int+3 Dex+8}
 41697 | Shoals:4 | Reached XP level 19. HP: 105/105 MP: 45/45
 41748 | Shoals:4 | Identified the +7 spear of Blood-Lust {vorpal, +Blink Fly
                  | Str-2 Int+7}
 41813 | Shoals:4 | Reached skill level 10 in Stealth
 42269 | Shoals:4 | Got a barnacled rune of Zot
 42840 | Vaults:1 | Entered Level 1 of the Vaults
 43783 | Vaults:1 | Reached skill level 1 in Fire Magic
 43952 | Vaults:1 | Found a runed translucent gate.
 43952 | Vaults:1 | Found a runed translucent gate.
 43952 | Vaults:1 | Found a runed translucent gate.
 43953 | Vaults:1 | Noticed Dyrphilu's ghost (adept GnMo)
 43953 | Vaults:1 | Found the ring of the Tortoise {AC+8}
 44622 | Vaults:1 | Reached skill level 5 in Fire Magic
 44941 | Vaults:2 | Found a crumbling gateway.
 44970 | Desolati | Entered the Desolation of Salt
 45150 | Desolati | Identified the +7 falchion of the Land of Plenty {vorpal,
                  | rF++}
 45150 | Desolati | Identified the ring "Haemnu" {Will+ Int+4}
 45252 | Desolati | Identified the amulet "Jiufruju" {Acrobat Rampage rC- rN+++
                  | Slay-5}
 45458 | Desolati | Identified the amulet of Demons {Acrobat Fragile rN+ Will++
                  | Stlth+}
 45815 | Desolati | Reached skill level 10 in Fire Magic
 45840 | Desolati | Identified the +5 trident of the Final Demons {vorpal, rC-
                  | MP+9 Str+3 Int+8 Dex-5}
 45854 | Desolati | Got the Compilation of Misery
 46092 | Desolati | Reached XP level 20. HP: 115/115 MP: 37/46
 46311 | Desolati | Identified the amulet "Kaygax" {Acrobat rC+++}
 46342 | Desolati | Got the Folio of Summoning and Frostbite
 46539 | Vaults:2 | Identified the +2 leather armour "Cobrytig" {+Inv rPois
                  | Str+3}
 47602 | Vaults:2 | Found a staircase to the Crypt.
 48887 | Vaults:3 | Found a radiant altar of Vehumet.
 48928 | Vaults:3 | Identified the +1 robe of the Dice {-Tele Fly rC++ Dex+4}
 48968 | Vaults:3 | Identified the +5 hat of Whack-A-Mole {MP+9 Slay+6}
 49420 | Vaults:3 | Reached skill level 15 in Fire Magic
 50367 | Vaults:4 | Found a transporter.
 50368 | Vaults:4 | Noticed a dread lich
 50379 | Vaults:4 | Found a transporter.
 51202 | Vaults:4 | Reached XP level 21. HP: 120/120 MP: 43/47
 51856 | Vaults:4 | Reached skill level 20 in Conjurations
 52676 | Vaults:4 | Killed a dread lich
 53053 | Depths:2 | Found a transporter.
 53055 | Depths:2 | Reached skill level 21 in Conjurations
 53395 | Depths:2 | Found a white marble altar of Elyvilon.
 53435 | Depths:2 | Found a transporter.
 53731 | Depths:2 | Noticed Saint Roka
 53740 | Depths:2 | Hit by a large rock thrown by a stone giant

Illustrated notes

Levels and vault maps discovered:
D:1:      erik_arrival_cave_to_civilisation [erik_arrival_cave_to_hall],
          layout_basic, minivault_5, minmay_circled_x
D:2:      layout_basic, hellmonk_ecumenical_altar_zigzags, grunt_ministairs_11,
          st_stairs_7
D:3:      layout_loops_ring
D:4:      layout_basic, uniq_duvessa, uniq_natasha
D:5:      layout_gridville, minmay_temple_entry_offerings, uniq_eustachio
D:6:      layout_gridville, lemuel_round_altar, lemuel_doored_altar,
          nicolae_sif_muna_condensation, eat_drink_and_be_merry_uskayaw
D:7:      layout_loops_ring, grunt_gozag_statues, serial_rivers,
          chequers_serial_rivers_micro_c, chequers_serial_rivers_micro_e,
          chequers_serial_rivers_room_a, chequers_serial_rivers_micro_d,
          minmay_misc_feat_nine_boxes, corexii_leaking_fountain
D:8:      layout_loops_ring, nzn_wu_jian_contemplation, slow_altar_2,
          serial_shops, nicolae_diamond_shop, uniq_maurice, uniq_prince_ribbit1
D:9:      layout_cave_pools, marbit_many_paths,
          hellmonk_guarded_unrand_staff_of_battle
D:10:     layout_roguey, grunt_temple_overflow_lords_of_destruction, uniq_psyche
D:11:     cheibrodos_ideogram_h, layout_layer_cave, david_lair_generic,
          nicolae_diode_quadrants
D:12:     layout_basic, erik_orc_4
D:13:     layout_basic, erik_vaults_1
D:14:     layout_rooms, nicolae_ru_the_path_less_chosen, corexii_hall_statues_x,
          hangedman_decor_points, kennysheep_potato, uniq_josephine
D:15:     gammafunk_depths_entry_grave, layout_small_grid, ice2_lemuel,
          uniq_nessos, uniq_agnes
Temple:   nicolae_temple_ecumenical_triangle
Lair:1:   layout_regular_city, grunt_megastairs_4, infiniplex_staircase_pool
Lair:2:   layout_roguey, serial_forest, infiniplex_forest_clump_long,
          infiniplex_forest_pool, infiniplex_forest_lined_room_2,
          infiniplex_forest_join, infiniplex_forest_end_double,
          infiniplex_forest_clump_tiny, infiniplex_forest_straight_3
Lair:3:   layout_misc_corridors, minmay_shoals_entry_centaurs,
          dummy_snake_entry, grunt_forest_stairs_basic, st_stairs_11,
          lemuel_fruit_fields, uniq_snorg, uniq_gastronok, uniq_kirke
Lair:4:   beast_lair_carwin_large_2, layout_cave_pods, uniq_rupert
Lair:5:   minmay_lair_end_frog_pond, layout_long_grid, slime_entry_1,
          minmay_stone_trees_small, nicolae_lair_lakeside_cave
Shoals:1: layout_shoals, serial_shops, shop, nicolae_shoals_raging_river
Shoals:2: layout_shoals, st_sunken_huts, uniq_ilsuiw
Shoals:3: layout_shoals, serial_shops, nicolae_diamond_shop, uniq_bai_suzhen,
          uniq_louise
Shoals:4: shoals_end_simple, layout_shoals, nicolae_shoals_elemental_ambush
Snake:1:  layout_misc_corridors, serial_shops, nicolae_shop_advertising_works
          [nicolae_subvault_shop_adworks], lemuel_oklob_altar,
          lemuel_fruit_tree, grunt_megastairs_3, serial_bayou_shore_a
Snake:2:  layout_onion_interference, basic_altar, serial_shops,
          nicolae_shop_statue_plus, shop, nicolae_stop_n_shop_1, st_stairs_11,
          serial_bayou_pond_b, uniq_aizul
Snake:3:  layout_cave_town, serial_shops, shop
Snake:4:  johnstein_snake_rune_scales, layout_gridlike, grunt_megastairs_5,
          minmay_shop_grove, uniq_mara, uniq_roxanne
Orc:1:    layout_caves, enter_volcano_1, uniq_sonja, uniq_erolcha
Orc:2:    pf_orc_diabolical, layout_diamond_mine, basic_altar,
          nicolae_shop_firing_range
Vaults:1: gammafunk_ghost_necromancy, nicolae_vaults_windows_and_doors_thing,
          v_misc_4, ontoclasm_vaults_ring_small, vaults_mumra_minichess,
          nicolae_vaults_little_squares_1, nicolae_vaults_rhombus_5,
          layout_vaults_chaotic_city
Vaults:2: portal_desolation_entry_twin_temple, nicolae_vaults_display_case,
          minmay_crypt_entry_simple_round, v_pattern_2, ontoclasm_vaults_eye,
          nicolae_vaults_rhombus_7, layout_vaults_omnigrid
Vaults:3: v_misc_17, hangedman_vaults_nails, v_alt_pattern_5,
          ontoclasm_vaults_gateway, grunt_tower_of_power, serial_ice_g,
          vaults_dpeg_diagonal, hangedman_vaults_stretched_pinwheel,
          nicolae_vaults_diagonal_hallway_7, hangedman_vaults_capsules,
          vaults_room_pools, layout_vaults_omnibox
Vaults:4: nicolae_vaults_network_quincunx
          [nicolae_vaults_network_quincunx_subvault,
          nicolae_vaults_network_quincunx_subvault,
          nicolae_vaults_network_quincunx_subvault,
          nicolae_vaults_network_quincunx_subvault,
          nicolae_vaults_network_quincunx_subvault], gammafunk_sealed_arena,
          v_rooms_5, v_misc_32, nicolae_vaults_network_square,
          hangedman_vaults_locks, nicolae_vaults_border_crossing,
          nicolae_vaults_asterisk, ontoclasm_vaults_loading_screen,
          layout_vaults_maze
Depths:1: layout_cave_shapes, kennysheep_small_spiral, hellmouth_1,
          pandoras_box_mu
Depths:2: hangedman_spin_cycle, hell_entry, pan_entry, serial_shops

Skill      XL: |  1  2  3  4  5  6  7  8  9 10 11 12 13 14 15 16 17 18 19 20 21 |
---------------+----------------------------------------------------------------+-----
Conjurations   | 5 6 7 9 13 14 15 19 21 | 21.6
Spellcasting   | 4 8 12 14 17 18 20 | 20.0
Earth Magic    | 5 7 10 14 16 | 16.2
Dodging        | 9 10 14 16 20 | 20.0
Fighting       | 7 9 |  9.1
Armour         | 6 |  6.4
Shields        | 3 6 |  6.3
Stealth        | 9 12 | 12.0
Fire Magic     | 10 17 | 17.0

Action                   |  1- 3 |  4- 6 |  7- 9 | 10-12 | 13-15 | 16-18 | 19-21 || total
-------------------------+-------+-------+-------+-------+-------+-------+-------++-------
Melee: Dagger            |     3 |     2 |       |       |       |       |       ||     5
       Short sword       |       |     2 |     5 |    12 |       |       |       ||    19
       Punch             |       |       |       |     1 |       |       |       ||     1
       Staff             |       |       |       |       |    16 |     3 |       ||    19
 Cast: Magic Dart        |    84 |    56 |   130 |   141 |   566 |   401 |   136 ||  1514
       Searing Ray       |       |    12 |    58 |    61 |    27 |    26 |    36 ||   220
       Iskenderun's Myst |       |       |    16 |    63 |   133 |   109 |   126 ||   447
       Stone Arrow       |       |       |     1 |       |    10 |   106 |    60 ||   177
       Freezing Cloud    |       |       |       |       |    30 |   114 |    69 ||   213
       Lehudib's Crystal |       |       |       |       |    13 |    89 |   192 ||   294
       Orb of Destructio |       |       |       |       |       |    16 |    14 ||    30
       Spellforged Servi |       |       |       |       |       |     4 |     3 ||     7
Evoke: Wand              |       |     1 |       |     4 |       |       |       ||     5
       Condenser vane    |       |       |       |       |       |       |     1 ||     1
  Use: Scroll            |       |       |       |       |    19 |    14 |     3 ||    36
       Potion            |       |       |       |       |       |     6 |     1 ||     7
 Stab: Sleeping          |     1 |       |       |       |       |       |       ||     1
Armor: Robe              |     2 |     3 |    31 |    16 |     4 |       |       ||    56
       Steam dragon scal |       |       |       |       |     6 |       |       ||     6
       Leather armour    |       |       |       |       |     5 |    16 |     9 ||    30
Dodge: Dodged            |     2 |    11 |    60 |    52 |    51 |    66 |    45 ||   287
Block: Other             |       |       |     1 |    24 |    22 |       |       ||    47
       Reflection        |       |       |       |     2 |    19 |    38 |    25 ||    84
       Buckler           |       |       |       |       |    16 |    82 |    52 ||   150
       Kite shield       |       |       |       |       |     2 |       |       ||     2

Table legend: (Time is in decaauts)
 A = Elapsed time spent in this place.
 B = Non-inter-level travel time spent in this place.
 C = Inter-level travel time spent in this place.
 D = Time resting spent in this place.
 E = Time spent auto-exploring this place.
 F = Levels seen in this place.
 G = Mean time per level.
                   A        B        C        D        E       F      G
               +--------+--------+--------+--------+--------+-----+--------+
         Total |  54033 |  51278 |   2755 |   1149 |  43310 |  39 | 1385.5 |
       Dungeon |  20019 |  18738 |   1281 |    535 |  16064 |  15 | 1334.6 |
        Temple |     39 |     35 |      4 |      0 |     13 |   1 |   39.0 |
          Lair |   6347 |   5684 |    663 |      0 |   4863 |   5 | 1269.4 |
        Shoals |   5688 |   5439 |    249 |    157 |   4536 |   4 | 1422.0 |
     Snake Pit |   6470 |   6283 |    187 |    209 |   5316 |   4 | 1617.5 |
  Orcish Mines |   2193 |   2150 |     43 |      0 |   1629 |   2 | 1096.5 |
        Vaults |   8619 |   8369 |    250 |    246 |   7108 |   4 | 2154.8 |
        Depths |   2483 |   2409 |     74 |      2 |   2117 |   2 | 1241.5 |
       Volcano |    671 |    671 |      0 |      0 |    519 |   1 |  671.0 |
    Desolation |   1500 |   1500 |      0 |      0 |   1143 |   1 | 1500.0 |
               +--------+--------+--------+--------+--------+-----+--------+

Top non-repeatable levels by time:
Vaults:4: 2719 daAuts
 Snake:4: 2423 daAuts
Vaults:1: 2123 daAuts
    D:11: 2044 daAuts
Vaults:3: 2037 daAuts
Shoals:4: 1950 daAuts
     D:8: 1921 daAuts
     D:6: 1796 daAuts
Depths:1: 1796 daAuts
Vaults:2: 1738 daAuts
 Snake:2: 1674 daAuts
     D:5: 1565 daAuts
   Orc:2: 1542 daAuts
Shoals:2: 1509 daAuts
Desolation: 1500 daAuts
